AoeStats
← CDS95

Arena

508293164Analyzed
1v1 RM · 9d ago on Sep 21, 2026· 24m 37s· 2 players
Game mode
Random Map
Map size
Tiny (2 player)
Population
200
Speed
Normal
Resources
Standard
Victory
Conquest
Starting age
Dark Age
Ending age
Imperial Age
RankedLock teamsTeams togetherTeam positionsShared explorationLock speedFull tech treeHidden civsTurbo modeCheats
Victory
Defeat
🇪🇸 Vietnamese · Spain
1028
+15
🇸🇪 Turks · Sweden
1002
-15
AmadeusChörl
10:29 Feudal Age
14:25 Castle Age
12:52 Double-Bit Axe
20:24 Bow Saw
19:59 Horse Collar
21:21 Loom
22:14 Wheelbarrow
22:01 Heavy Plow
21:54 Stone Mining
21:56 Gold Mining
22:59 Bow Saw
CDS95
11:22 Feudal Age
12:24 Feudal Age
15:54 Castle Age
15:31 Double-Bit Axe
15:40 Gold Mining
17:13 Bow Saw
20:26 Loom
Connection lost

Rejoining the realm…

Still unreachable

The connection could not be restored.

Session expired

The server has moved on; the page needs a fresh start.